Match 47409728
Unlisted

Match 47409728
End
Construct Barracks
Riflemen Squad
M1 Mortar Team
Riflemen Squad
Riflemen Squad
Grenade Package
Mechanized Support Center
Construct Medical Station
M1918 Browning Automatic Rifles
Construct Weapon Support Center
Bazooka Squad
Selects Heavy Weapons
Selects Assault Carriers
Selects Exchangeable Parts
Construct Tank Depot
Bazooka Squad
Improved M9 Bazooka Rockets
Selects M2HB .50cal Heavy Machine Gun
Selects Gallant Stand
Selects Black Dragon Artillery Barrage
M4(105) Sherman Bulldozer
Designate Forward Repair Station
Black Dragon Artillery Barrage
Black Dragon Artillery Barrage
M4A1 Sherman Medium Tank
Selects Towed M5 3-inch Anti-tank Gun
Towed M5 3-inch Anti-tank Gun
Black Dragon Artillery Barrage
M4A1 76mm Conversion
Improvised Armor
Black Dragon Artillery Barrage
M4A1(76) Sherman Medium Tank
xKOZIx
ghey fish
Makaan
Fox
Unsafe
nomi
0
0

Comments sign in to comment!

No comments posted yet!